 Dungeon Crawl Stone Soup version 0.20.0-15-g7f486f2 (webtiles) character file.

2846 winterking the Cleaver (level 9, -13/117 HPs)
             Began as a Minotaur Berserker on July 6, 2017.
             Was a High Priest of Trog.
             Mangled by a two-headed ogre
             ... wielding a +0 giant club
              (22 damage)
             ... on level 8 of the Dungeon.
             The game lasted 00:21:53 (6536 turns).

winterking the Cleaver (Minotaur Berserker)         Turns: 6536, Time: 00:21:53

Health: -13/117    AC:  4    Str: 27    XL:     9   Next: 46%
Magic:  8/8        EV: 14    Int:  8    God:    Trog [*****.]
Gold:   281        SH:  0    Dex: 13    Spells: 8/8 levels left

rFire    x . .     SeeInvis .   B - +1 war axe of Xuitokua {chop, rPois} (curse)
rCold    . . .     Gourm    .   (no shield)
rNeg     . . .     Faith    +   p - +1 leather armour of Winter {rPois rF- rCorr Int+4}
rPois    +         Spirit   .   (helmet restricted)
rElec    .         Reflect  .   (no cloak)
rCorr    +         Harm     .   (no gloves)
MR       .....                  (no boots)
Stlth    ..........             q - amulet of faith
Regen    0.3/turn               J - +1 ring of slaying
MPRegen  0.2/turn               (no ring)

@: berserking, very quick
A: retaliatory headbutt, horns 2
a: Berserk, Trog's Hand, Brothers in Arms, Burn Spellbooks, Renounce Religion


You were on level 8 of the Dungeon.
You worshipped Trog.
Trog was extremely pleased with you.
You were very hungry.

You visited 1 branch of the dungeon, and saw 8 of its levels.

You collected 365 gold pieces.
You spent 84 gold pieces at shops.

Inventory:

Hand Weapons
 a - a +1 hand axe
 B - the cursed +1 war axe of Xuitokua (weapon) {chop, rPois}
   (You found it on level 6 of the Dungeon)

   It inflicts extra damage upon your enemies.
   It protects you from poison.
   It has a curse placed upon it.
Armour
 b - a +1 animal skin
 p - the +1 leather armour of Winter (worn) {rPois rF- rCorr Int+4}
   (You found it on level 4 of the Dungeon)

   It affects your intelligence (+4).
   It makes you vulnerable to fire.
   It protects you from poison.
   It protects you from acid and corrosion.
 D - the cursed +1 ring mail of Depression {rF+}
   (You found it on level 6 of the Dungeon)

   It protects you from fire.
   It has a curse placed upon it.
Jewellery
 q - an amulet of faith (around neck)
 J - a +1 ring of slaying (left hand)
Wands
 w - a wand of random effects (23/48)
 x - a wand of acid (4/15)
 z - a wand of lightning (5/15)
 C - a wand of flame (15/48)
 F - a wand of digging (13/24)
 G - a wand of random effects (39/48)
Scrolls
 g - 6 scrolls of identify
 i - 2 scrolls of enchant armour
 l - 4 scrolls of remove curse
 m - 4 scrolls of teleportation
 s - a scroll of recharging
Potions
 d - a potion of brilliance {unknown}
 e - 3 potions of resistance
 h - 7 potions of mutation {unknown}
 j - 3 potions of heal wounds {unknown}
 k - 3 potions of lignification {unknown}
 o - 2 potions of haste {unknown}
 r - a potion of degeneration {unknown}
 u - a potion of flight {unknown}
 v - a potion of invisibility {unknown}
 H - a potion of curing {unknown}
 I - a potion of cancellation {unknown}
Books
 t - a book of Misfortune

   Spells                             Type                      Level
   a - Confusing Touch                Hexes                        1
   b - Confuse                        Hexes                        3
   c - Gell's Gravitas                Translocation                3
   d - Petrify                        Transmutation/Earth          4
   e - Metabolic Englaciation         Hexes/Ice                    5
   f - Yara's Violent Unravelling     Hexes/Transmutation          5
   Trog disapproves of the use of such an item.
Comestibles
 c - 8 bread rations
 f - 6 meat rations
 n - 3 royal jellies


   Skills:
 + Level 6.6 Fighting
 * Level 12.5 Axes
 + Level 6.0 Armour
 + Level 5.3 Dodging


You had 8 spell levels left.
You didn't know any spells.

Dungeon Overview and Level Annotations

Branches:
Dungeon (8/15)             Temple (0/1) D:7
   Lair: D:8-11

Altars:
Cheibriados
Fedhas
Qazlal
Sif Muna
Zin
The Shining One

Shops:
D:3 *   D:5 !   D:6 =


Innate Abilities, Weirdness & Mutations

You reflexively headbutt those who attack you in melee.
You have a pair of horns on your head.


Message History

You barely miss the two-headed ogre.
The orc wizard gestures at you while chanting.
You easily resist.
You hit the two-headed ogre.
Your headbutt misses the two-headed ogre.
The two-headed ogre is moderately wounded.
The orc moves out of view.
The two-headed ogre hits you with a giant club!!
* * * LOW HITPOINT WARNING * * *
The two-headed ogre hits you with a giant club!!
* * * LOW HITPOINT WARNING * * *
An orc warrior comes into view. It is wielding a trident.
You slash the two-headed ogre!
The two-headed ogre is heavily wounded.
You hit the two-headed ogre. You headbutt the two-headed ogre!
The two-headed ogre is almost dead.
The two-headed ogre barely misses you. You furiously retaliate!
You headbutt the two-headed ogre.
The two-headed ogre hits you with a giant club!!
You die...

ยง.... ##
.....# ..#
..o...# ..###
.......###.....
...........o...
#.o.........
#Z<..# ##O)##
##@## #(.# #.##
#.# ###


You could see a two-headed ogre, an orc warrior, an orc wizard, an orc and a
worker ant zombie.

Vanquished Creatures
  The ghost of Pestilence the Fighter, a novice HOFi of Beogh (D:7)
  Edmund (D:5)
  A sky beast (D:7)
  3 orc warriors
  A phantom (D:5)
  A centaur (D:8)
  2 bullfrogs
  2 big kobolds (D:5)
  2 scorpions
  4 killer bees (D:7)
  A howler monkey (D:6)
  4 crimson imps
  A bullfrog zombie (D:4)
  A jelly (D:5)
  4 hounds
  5 orc wizards
  2 orc priests (D:3)
  A centaur skeleton (D:7)
  A bullfrog skeleton (D:6)
  3 iguanas
  4 worker ants
  A hound skeleton (D:4)
  11 adders
  2 shadow imps (D:6)
  2 oozes (D:2)
  2 worms
  A dart slug (D:4)
  6 leopard geckos
  19 orcs
  3 ball pythons
  9 bats
  5 giant cockroaches
  15 goblins
  7 hobgoblins
  6 jackals
  17 kobolds
  6 quokkas
  4 frilled lizards
  5 rats
166 creatures vanquished.

Notes
Turn   | Place    | Note
-------+----------+-------------------------------------------
     0 | D:1      | winterking the Minotaur Berserker began the quest for the Orb.
     0 | D:1      | Reached XP level 1. HP: 19/19 MP: 0/0
    62 | D:1      | Reached skill level 4 in Axes
   337 | D:1      | Reached XP level 2. HP: 26/26 MP: 1/1
  1049 | D:2      | Reached skill level 5 in Axes
  1049 | D:2      | Reached XP level 3. HP: 19/31 MP: 2/2
  1187 | D:2      | Reached ** piety under Trog
  1254 | D:2      | Reached XP level 4. HP: 27/39 MP: 3/3
  1274 | D:2      | Reached skill level 6 in Axes
  1312 | D:2      | Found a glowing golden altar of the Shining One.
  1829 | D:3      | Noticed an orc warrior
  1848 | D:3      | Killed an orc warrior
  1848 | D:3      | Reached skill level 7 in Axes
  1848 | D:3      | Reached XP level 5. HP: 22/45 MP: 4/4
  2125 | D:3      | Noticed an orc warrior
  2133 | D:3      | Reached skill level 8 in Axes
  2133 | D:3      | Reached XP level 6. HP: 51/51 MP: 5/5
  2137 | D:3      | Killed an orc warrior
  2242 | D:3      | Reached skill level 9 in Axes
  2403 | D:3      | Reached *** piety under Trog
  2640 | D:3      | Found a blossoming altar of Fedhas.
  2685 | D:3      | Found Zin's Purification Station.
  2690 | D:3      | Found a glowing silver altar of Zin.
  2805 | D:3      | HP: 2/51 [poisoned by a worker ant]
  3327 | D:4      | Reached XP level 7. HP: 44/57 MP: 6/6
  3342 | D:4      | Got a slimy leather armour
  3343 | D:4      | Identified the +1 leather armour of Winter {rPois rF- rCorr Int+4} (You found it on level 4 of the Dungeon)
  3786 | D:4      | Reached skill level 10 in Axes
  3816 | D:4      | Found a stormy altar of Qazlal.
  3816 | D:4      | Found a deep blue altar of Sif Muna.
  4082 | D:5      | Entered Level 5 of the Dungeon
  4282 | D:5      | Found a snail-covered altar of Cheibriados.
  4459 | D:5      | Reached **** piety under Trog
  4513 | D:5      | Noticed Edmund
  4528 | D:5      | Killed Edmund
  4702 | D:5      | Reached XP level 8. HP: 40/67 MP: 7/7
  4822 | D:5      | Found Ulucrall's Distillery.
  5021 | D:5      | Reached skill level 11 in Axes
  5136 | D:6      | Got an iridescent war axe
  5148 | D:6      | Got a pitted ring mail
  5184 | D:6      | Identified the cursed +1 ring mail of Depression {rF+} (You found it on level 6 of the Dungeon)
  5185 | D:6      | Identified the cursed +1 war axe of Xuitokua {chop, rPois} (You found it on level 6 of the Dungeon)
  5288 | D:6      | Reached skill level 5 in Fighting
  5447 | D:6      | Reached ***** piety under Trog
  5524 | D:6      | Found Qiasik's Jewellery Shoppe.
  5527 | D:6      | Bought a +1 ring of slaying for 84 gold pieces
  5729 | D:7      | Noticed Pestilence's ghost (novice HOFi)
  5737 | D:7      | Killed Pestilence's ghost
  5737 | D:7      | Reached skill level 12 in Axes
  5737 | D:7      | Reached skill level 5 in Armour
  5737 | D:7      | Reached skill level 5 in Dodging
  5737 | D:7      | Reached XP level 9. HP: 75/75 MP: 8/8
  6130 | D:7      | Found a staircase to the Ecumenical Temple.
  6521 | D:8      | Noticed a two-headed ogre
  6536 | D:8      | Mangled by a two-headed ogre

Skill      XL: |  1  2  3  4  5  6  7  8  9 |
---------------+----------------------------+-----
Axes           | 4 5 7 8 9 10 12 | 12.5
Fighting       | 4 6 |  6.6
Armour         | 3 5 6 |  6.0
Dodging        | 3 5 |  5.3

Action                   |  1- 3 |  4- 6 |  7- 9 || total
-------------------------+-------+-------+-------++-------
Melee: Hand axe          |    62 |   126 |   128 ||   316
       Headbutt          |     4 |    21 |    54 ||    79
       War axe           |       |       |    83 ||    83
Invok: Berserk           |     1 |     4 |     7 ||    12
       Trog's Hand       |     1 |       |       ||     1
  Use: Scroll            |     2 |     6 |     6 ||    14
 Stab: Sleeping          |       |     1 |     1 ||     2
  Eat: Chunk             |     2 |    10 |    16 ||    28
Armor: Animal skin       |     9 |    16 |       ||    25
       Leather armour    |       |       |    26 ||    26
Dodge: Dodged            |    47 |    50 |    93 ||   190
